 Dungeon Crawl Stone Soup version 0.22-a0-553-g9358b0b (webtiles) character file.

88 inc the Conjurer (level 4, -1/30 HPs)
             Began as a Mummy Fire Elementalist on June 25, 2018.
             Slain by a worm (5 damage)
             ... on level 4 of the Dungeon.
             The game lasted 00:05:45 (2790 turns).

inc the Conjurer (Mummy Fire Elementalist)          Turns: 2790, Time: 00:05:46

Health: -1/30      AC:  3    Str: 11    XL:     4   Next: 29%
Magic:  1/8        EV: 12    Int: 15    God:
Gold:   153        SH:  0    Dex: 12    Spells: 7/8 levels left

rFire    x . .     SeeInvis .   q - +0 short sword
rCold    + . .     Gourm    .   (no shield)
rNeg     + + +     Faith    .   a - +0 robe
rPois    ∞         Spirit   .   (no helmet)
rElec    .         Reflect  .   (no cloak)
rCorr    .         Harm     .   (no gloves)
MR       .....                  p - +0 pair of boots
Stlth    ++........             d - amulet of the acrobat
HPRegen  0.10/turn              (no ring)
MPRegen  0.11/turn              (no ring)

@: very slightly contaminated
A: no food or potions, fire vulnerability, cold resistance 1, negative energy
resistance 3, torment resistance, unbreathing
a: no special abilities


You were on level 4 of the Dungeon.
You were not hungry.

You visited 1 branch of the dungeon, and saw 4 of its levels.

You collected 153 gold pieces.

Inventory:

Hand Weapons
 c - a +0 whip
 q - a +0 short sword (weapon)
Armour
 a - a +0 robe (worn)
 i - a +0 ring mail
 p - a +0 pair of boots (worn)
Jewellery
 d - an amulet of the acrobat (around neck)
Scrolls
 b - a scroll of enchant weapon {unknown}
 h - a scroll of blinking {unknown}
 j - 4 scrolls of identify {unknown}
 m - a scroll of immolation {unknown}
 n - 2 scrolls of teleportation {unknown}
 o - a scroll of fog {unknown}
Comestibles
 k - 7 rations


   Skills:
 - Level 1.5 Dodging
 - Level 1.5 Stealth
 - Level 2.6 Spellcasting
 + Level 3.2 Conjurations
 + Level 2.7 Fire Magic


You had 7 spell levels left.
You knew the following spells:

 Your Spells              Type           Power        Failure   Level  Hunger
a - Flame Tongue          Conj/Fire      ##...        6%          1    N/A

Your spell library contained the following spells:

 Spells                   Type           Power        Failure   Level  Hunger
 Fireball                 Conj/Fire      ##........   86%         5    N/A
 Conjure Flame            Conj/Fire      ##......     19%         3    N/A
 Throw Flame              Conj/Fire      ##....       10%         2    N/A
 Sticky Flame             Conj/Fire      ##......     52%         4    N/A
 Inner Flame              Hex/Fire       #.......     34%         3    N/A

Dungeon Overview and Level Annotations

Branches:
Dungeon (4/15)
 Temple: D:4-7

Altars:
Dithmenos
Qazlal


Innate Abilities, Weirdness & Mutations

You do not eat or drink.
Your flesh is vulnerable to fire.
You are immune to poison.
Your flesh is cold resistant. (rC+)
You are immune to negative energy. (rN+++)
You are immune to unholy pain and torment.
You can survive without breathing.


Message History

You don't have enough magic to cast that spell.
Unknown command.
Casting: Flame Tongue (safe; 6% risk of failure)
Confirm with . or Enter, or press ? or * to list all spells.
You don't have enough magic to cast that spell.
Unknown command.
You hit the worm.
The worm is severely wounded.
The worm bites you.
You barely miss the worm.
The worm is severely wounded.
You hit the worm.
The worm is almost dead.
The worm bites you!
* * * LOW HITPOINT WARNING * * *
You barely miss the worm.
The worm is almost dead.
A hound skeleton comes into view.
The worm bites you.
You die...

#### .....
#####......
#..@wZr....
#.###......
#<# .....
### ####


You could see a worm, a quokka and a hound skeleton.

Vanquished Creatures
  2 adders
  An ooze (D:2)
  A worm (D:3)
  A dart slug (D:2)
  3 leopard geckos
  3 giant cockroaches
  3 goblins
  6 hobgoblins
  7 jackals (D:3)
  A quokka (D:2)
  A ball python (D:2)
  8 bats
  5 frilled lizards
  8 kobolds
  6 rats
56 creatures vanquished.

Notes
Turn   | Place    | Note
-------+----------+-------------------------------------------
     0 | D:1      | inc the Mummy Fire Elementalist began the quest for the Orb.
     0 | D:1      | Reached XP level 1. HP: 13/13 MP: 4/4
   133 | D:1      | Reached skill level 1 in Conjurations
   303 | D:1      | Reached XP level 2. HP: 19/19 MP: 2/5
   657 | D:1      | Reached skill level 2 in Conjurations
   925 | D:2      | Reached XP level 3. HP: 9/24 MP: 1/7
  1902 | D:3      | Reached skill level 3 in Conjurations
  2167 | D:3      | Found a stormy altar of Qazlal.
  2187 | D:3      | Reached XP level 4. HP: 30/30 MP: 3/8
  2307 | D:3      | Found a shadowy altar of Dithmenos.
  2790 | D:4      | Slain by a worm

Vault maps used:
D:1:      dpeg_arrival_water_fire
D:2:      solitary_fountain
D:3:      nicolae_dithmenos_through_a_glass_darkly, first_ration,
          grunt_qazlal_sundering
D:4:      vehumet_statue, marbit_many_paths, lemuel_blue_sif_altar,
          uniq_blork_the_orc

Skill      XL: |  1  2  3 |
---------------+----------+-----
Conjurations   | 1 2 3 |  3.2
Dodging        | |  1.5
Stealth        | |  1.5
Spellcasting   | |  2.6
Fire Magic     | |  2.7

Action                   |  1- 3 |  4- 6 || total
-------------------------+-------+-------++-------
Melee: Whip              |    17 |       ||    17
       Short sword       |     7 |     4 ||    11
 Cast: Flame Tongue      |    76 |    23 ||    99
Armor: Robe              |    12 |       ||    12
Dodge: Dodged            |    44 |    10 ||    54

Table legend:
 A = Spawn XP
 B = Non-spawn XP
 C = Spawn XP percentage of total XP
 D = Spawn monster count
 E = Non-spawn monster count
 F = Spawn count percentage of total count
 G = Total turns spent on level
                    A         B        C        D         E        F      G
               +---------+---------+-------+---------+---------+-------+---------
         Total |       0 |     126 |   0.0 |       0 |      56 |   0.0 |  2790
               +---------+---------+-------+---------+---------+-------+---------
           D:1 |       0 |      27 |   0.0 |       0 |      18 |   0.0 |   810
           D:2 |       0 |      48 |   0.0 |       0 |      18 |   0.0 |  1084
           D:3 |       0 |      51 |   0.0 |       0 |      20 |   0.0 |   880
               +---------+---------+-------+---------+---------+-------+---------
